 Dungeon Sprint DCSS version 0.27-a0-1140-g099f9bb0e8 (webtiles) character file.

Game seed: 14898840891055354838

1082 Zeld the Fighter (level 8, 0/70 HPs)
             Began as an Octopode Berserker on May 9, 2021.
             Was an Elder of Trog.
             Slain by a centaur (3 damage)
             ... in the Dungeon (Sprint IX: "|||||||||||||||||||||||||||||").
             The game lasted 00:00:51 (586 turns).

Zeld the Fighter (Octopode Berserker)                Turns: 586, Time: 00:00:51

Health: 0/70       AC:  1    Str: 18    XL:     8   Next: 30%
Magic:  8/8        EV: 20    Int:  9    God:    Trog [****..]
Gold:   0          SH:  0    Dex: 12    Spells: 7/7 levels left

rFire    . . .     SeeInvis .   i - +3 war axe (freeze)
rCold    . . .     Faith    .   (no shield)
rNeg     . . .     Spirit   .   (helmet restricted)
rPois    .         Reflect  .   (no amulet)
rElec    .         Harm     .   j - +2 ring of evasion
rCorr    .         Rampage  .   (no ring)
Will     .....     NoTele   +   (no ring)
Stlth    ++........             (no ring)
HPRegen  0.21/turn              (no ring)
MPRegen  0.11/turn              (no ring)
                                (no ring)
                                (no ring)

@: on berserk cooldown, slowed, very slow
A: almost no armour, amphibious, 8 rings, camouflage 1, gelatinous body 1,
(nimble swimmer 1), tentacles
a: Renounce Religion, Berserk, Trog's Hand, Brothers in Arms


You were in the Dungeon.
You worshipped Trog.
Trog was greatly pleased with you.
You visited 1 branch

Inventory:

Hand Weapons
 i - a +3 war axe of freezing (weapon)
Jewellery
 j - a +2 ring of evasion (left tentacle)
 k - a +2 ring of evasion
Wands
 h - a wand of acid (10)
Scrolls
 f - 2 scrolls of blinking
Potions
 a - 5 potions of curing
 b - 3 potions of heal wounds
 c - a potion of haste
 d - 4 potions of magic
 e - a potion of berserk rage
 g - a potion of invisibility


   Skills:
 * Level 12.6 Fighting
 * Level 12.6 Dodging
 - Level 3.0 Unarmed Combat


You had 7 spell levels left.
You didn't know any spells.
Your spell library was empty.

Dungeon Overview and Level Annotations

Branches:
Dungeon (1/1)

Altars:
Cheibriados
Dithmenos
Elyvilon
Fedhas
Gozag
Hepliaklqana
Kikubaaqudgha
Makhleb
Nemelex Xobeh
Okawaru
Qazlal
Ru
Sif Muna
Trog
Uskayaw
Vehumet
Wu Jian
Xom
Yredelemnul
Zin
The Shining One
Beogh
Jiyva
Lugonu


Innate Abilities, Weirdness & Mutations

You cannot wear most types of armour.
You are amphibious.
You can wear up to eight rings at the same time.
Your skin changes colour to match your surroundings (Stealth+).
Your rubbery body absorbs attacks. (AC +1, EV +1)
((You are camouflaged near water. (Stealth+)))
You have tentacles for arms and can constrict up to eight enemies at once.


Message History

The centaur wields a +0 shortbow.
The centaur shoots an arrow.
The arrow barely misses you.
You are no longer berserk.
Trog's vigour flows through your veins.
You are exhausted.
You feel yourself slow down.
The centaur unwields a +0 shortbow.
The centaur hits you but does no damage.
The centaur barely misses you.
The gnoll sergeant completely misses you.
There is an open door to the Dungeon, spattered with blood here.
Items here: ))) [ ††.
You barely miss the centaur. The centaur closely misses you.
The centaur barely misses you. The centaur misses you. The centaur kicks you.
The gnoll sergeant completely misses you.
The centaur completely misses you. The centaur misses you.
The gnoll sergeant hits you from afar with a +0 spear.
You are too injured to fight recklessly!
You are too injured to fight recklessly!
You are too injured to fight recklessly!
You closely miss the centaur. You squeeze the centaur.
The centaur is lightly wounded.
The centaur misses you. x2; The centaur closely misses you.
The centaur misses you.
The gnoll sergeant hits you from afar with a +0 spear!
The centaur closely misses you. The centaur completely misses you.
The gnoll sergeant hits you from afar with a +0 spear.
The centaur barely misses you. The centaur closely misses you.
The gnoll sergeant closely misses you.
You completely miss the centaur. Your squeeze misses the centaur.
The centaur is lightly wounded.
The centaur hits you.
* * * LOW HITPOINT WARNING * * *
The centaur kicks you.
* * * LOW HITPOINT WARNING * * *
The centaur closely misses you. The centaur kicks you.
* * * LOW HITPOINT WARNING * * *
The gnoll sergeant hits you from afar with a +0 spear!
* * * LOW HITPOINT WARNING * * *
The centaur hits you.
You die... ▓▓▓▓▓▓▓▓▓▓▓▓▓▓▓▓▓▓▓▓▓▓▓▓ +....gc@..[[[.)?.'______ ▓▓▓▓▓▓▓▓▓▓▓▓▓▓▓▓▓▓▓▓▓▓▓▓

You could see a gnoll sergeant and a centaur.

Vanquished Creatures
  A two-headed ogre (D)
  A wyvern (D)
  A vampire mosquito (D)
  An orc warrior (D)
  An orc priest (D)
  A hound (D)
  An iguana (D)
  2 orcs (D)
  2 ball pythons (D)
  An endoplasm (D)
  A giant cockroach (D)
  A rat (D)
14 creatures vanquished.

Notes
Turn   | Place    | Note
-------+----------+-------------------------------------------
     0 | D        | Zeld the Octopode Berserker began the quest for the Orb.
     0 | D        | Reached XP level 1. HP: 16/16 MP: 1/1
     9 | D        | Reached ** piety under Trog
    20 | D        | Banished a spatial maelstrom
   325 | D        | Noticed a hound
   325 | D        | Noticed an iguana
   325 | D        | Noticed an orc priest
   329 | D        | Killed an orc priest
   330 | D        | Reached skill level 5 in Fighting
   330 | D        | Reached skill level 5 in Dodging
   330 | D        | Reached XP level 2. HP: 24/24 MP: 2/2
   330 | D        | Reached XP level 3. HP: 29/29 MP: 3/3
   331 | D        | Reached *** piety under Trog
   332 | D        | Reached XP level 4. HP: 36/36 MP: 4/4
   471 | D        | Found a snail-covered altar of Cheibriados.
   471 | D        | Found a shadowy altar of Dithmenos.
   471 | D        | Found a white marble altar of Elyvilon.
   471 | D        | Found a blossoming altar of Fedhas.
   471 | D        | Found an opulent altar of Gozag.
   472 | D        | Found a hazy altar of Hepliaklqana.
   473 | D        | Found a viscous altar of Jiyva.
   474 | D        | Found an ancient bone altar of Kikubaaqudgha.
   475 | D        | Found a corrupted altar of Lugonu.
   476 | D        | Found a burning altar of Makhleb.
   477 | D        | Found a sparkling altar of Nemelex Xobeh.
   478 | D        | Found an iron altar of Okawaru.
   479 | D        | Found a stormy altar of Qazlal.
   480 | D        | Found a sacrificial altar of Ru.
   481 | D        | Found a shimmering blue altar of Sif Muna.
   482 | D        | Found a bloodstained altar of Trog.
   483 | D        | Found a hide-covered altar of Uskayaw.
   484 | D        | Found a radiant altar of Vehumet.
   485 | D        | Found an ornate altar of the Wu Jian Council.
   486 | D        | Found a shimmering altar of Xom.
   487 | D        | Found a basalt altar of Yredelemnul.
   488 | D        | Found a glowing silver altar of Zin.
   489 | D        | Found a glowing golden altar of the Shining One.
   566 | D        | Noticed a gnoll sergeant
   566 | D        | Noticed a centaur
   566 | D        | Noticed a wyvern
   566 | D        | Noticed a two-headed ogre
   566 | D        | Noticed a vampire mosquito
   566 | D        | Noticed an orc warrior
   570 | D        | Killed an orc warrior
   571 | D        | Reached XP level 5. HP: 45/45 MP: 5/5
   572 | D        | Killed a vampire mosquito
   572 | D        | Reached **** piety under Trog
   573 | D        | Reached XP level 6. HP: 54/54 MP: 6/6
   576 | D        | Killed a two-headed ogre
   577 | D        | Reached XP level 7. HP: 63/63 MP: 7/7
   577 | D        | Reached XP level 8. HP: 69/69 MP: 8/8
   582 | D        | Killed a wyvern
   586 | D        | HP: 3/70 [gnoll sergeant/+0 spear (11)]
   586 | D        | Slain by a centaur

Illustrated notes

Levels and vault maps discovered:
D:        linesprint [early_d, line_temple, items_1, d_10, items_2, lair_1,
          lair_end, items_3, orc_1, orc_end, items_4, d_15, swamp_1, shoals_1,
          snake_1, spider_1, d_20, vaults_1, items_5, swamp_end, shoals_end,
          snake_end, spider_end, vaults_end, d_27, items_6, zot_1, zot_end,
          crypt_end, forest_end, elf_end, slime_end, tomb_end, abyss_end,
          pan_hell_end]

Skill      XL: |  1  2  3  4  5  6 |
---------------+-------------------+-----
Fighting       | 5 6 8 9 12 | 12.6
Dodging        | 5 6 8 9 12 | 12.6
Unarmed Combat | |  3.0

Action                   |  1- 3 |  4- 6 |  7- 9 || total
-------------------------+-------+-------+-------++-------
Melee: Unarmed           |    13 |     9 |       ||    22
       Tentacles         |     3 |     5 |     1 ||     9
       Constrict         |     2 |     3 |       ||     5
       War axe           |       |     9 |     9 ||    18
       Punch             |       |     2 |       ||     2
Invok: Berserk           |     1 |     1 |       ||     2
Armor: Skin              |       |       |     1 ||     1
Dodge: Dodged            |     5 |    12 |    26 ||    43

Table legend: (Time is in decaauts)
 A = Elapsed time spent in this place.
 B = Non-inter-level travel time spent in this place.
 C = Inter-level travel time spent in this place.
 D = Time resting spent in this place.
 E = Time spent auto-exploring this place.
 F = Levels seen in this place.
 G = Mean time per level.
                   A        B        C        D        E       F      G
               +--------+--------+--------+--------+--------+-----+--------+
         Total |    590 |    590 |      0 |    486 |      0 |   1 |  590.0 |
       Dungeon |    590 |    590 |      0 |    486 |      0 |   1 |  590.0 |
               +--------+--------+--------+--------+--------+-----+--------+

Top non-repeatable levels by time:
       D: 590 daAuts
